[Event "Titled Tuesday Blitz July 4 Late 2023"]
[White "Horokoskii"]
[Black "Droin, Augustin"]
[BlackFideId "45105987"]
[WhiteElo "2077"]
[BlackElo "2526"]
[Result "0-1"]
[Round "1"]
[TimeControl "180+2"]
[Date "2023.07.04"]
[WhiteClock "0:01:39"]
[BlackClock "0:02:23"]
[Board "180"]

1. d4 Nf6 2. c4 e6 3. Nc3 Bb4 4. e3 c5 5. Ne2 O-O 6. a3 Bxc3+ 7. Nxc3 b6 8. Bd3 Bb7 9. f3 d6 10. O-O Nc6 11. d5 Ne5 12. Be2 Ba6 13. b3 Re8 14. Bb2 exd5 15. Nxd5 Bb7 16. Nxf6+ Qxf6 17. e4 Qh6 18. Qc1 Qg6 19. Qe3 Rad8 20. Rad1 f5 21. f4 Nf7 22. e5 Qxg2# 0-1


[Site "https://www.chess.com"]

[Event "Titled Tuesday Blitz July 4 Late 2023"]
[White "Brunner, Nicolas"]
[Black "Tqebuchava, Zurab"]
[WhiteFideId "620246"]
[BlackFideId "13601113"]
[WhiteElo "2524"]
[BlackElo "2072"]
[Result "1-0"]
[Round "1"]
[TimeControl "180+2"]
[Date "2023.07.04"]
[WhiteClock "0:01:02"]
[BlackClock "0:00:14"]
[Board "181"]

1. Nf3 d6 2. g3 Nf6 3. Bg2 g6 4. O-O Bg7 5. d4 O-O 6. b3 c6 7. Bb2 d5 8. Nbd2 Bf5 9. c4 Ne4 10. Rc1 Nxd2 11. Qxd2 Be4 12. Rfd1 Bxf3 13. Bxf3 e6 14. e4 dxc4 15. bxc4 Nd7 16. Kg2 Qe7 17. e5 Rfd8 18. Qe2 Rab8 19. Ba1 c5 20. d5 exd5 21. Rxd5 Nb6 22. Rdd1 Rxd1 23. Rxd1 Rd8 24. Rxd8+ Qxd8 25. Bxb7 Qd7 26. Qe4 Nxc4 27. Bd5 Nb6 28. Bb3 Qc8 29. Bd5 Nxd5 30. Qxd5 c4 31. Bc3 h5 32. h4 Qe6 33. Qxe6 fxe6 34. Kf3 Bf8 35. Ke4 Bc5 36. Bd4 Bb6 37. Bxb6 axb6 38. a4 Kg7 39. Kd4 g5 40. hxg5 Kg6 41. Kxc4 Kxg5 42. Kb5 Kf5 43. Kxb6 Kxe5 44. a5 1-0


[Site "https://www.chess.com"]

[Event "Titled Tuesday Blitz July 4 Late 2023"]
[White "Semenova, Alina"]
[Black "Hajiyev, Kanan"]
[WhiteFideId "24113875"]
[BlackFideId "13404148"]
[WhiteElo "2065"]
[BlackElo "2521"]
[Result "0-1"]
[Round "1"]
[TimeControl "180+2"]
[Date "2023.07.04"]
[WhiteClock "0:00:00"]
[BlackClock "0:01:47"]
[Board "182"]

1. e4 c6 2. Nf3 d5 3. exd5 cxd5 4. d4 Nc6 5. c3 Bg4 6. h3 Bh5 7. Be2 e6 8. Be3 f5 9. O-O Nf6 10. Ne5 Bxe2 11. Qxe2 Bd6 12. f4 O-O 13. Nd2 Ne4 14. a4 Ne7 15. Nxe4 fxe4 16. g4 a6 17. Kh1 Bxe5 18. fxe5 Ng6 19. Rxf8+ Qxf8 20. Rf1 Qe8 21. Bg5 Qxa4 22. h4 Rf8 23. h5 Rxf1+ 24. Qxf1 Nf8 25. h6 Qd7 26. Kg2 Qf7 27. hxg7 Qxf1+ 28. Kxf1 Kxg7 29. Ke2 Kg6 30. Bd2 h5 31. gxh5+ Kxh5 32. b4 Kg4 33. Ke3 b5 34. Be1 Ng6 35. Bf2 Nf4 36. Kd2 Ng2 37. Ke2 Nf4+ 38. Ke3 Nd3 39. Bg1 Nb2 40. Kd2 Kf3 41. Kc2 Nc4 42. Kd1 Kg2 0-1


[Site "https://www.chess.com"]

[Event "Titled Tuesday Blitz July 4 Late 2023"]
[White "Bilan, Danila"]
[Black "Graham, Nathaniel"]
[WhiteFideId "24161918"]
[BlackFideId "2007983"]
[WhiteElo "2520"]
[BlackElo "2057"]
[Result "1-0"]
[Round "1"]
[TimeControl "180+2"]
[Date "2023.07.04"]
[WhiteClock "0:00:08"]
[BlackClock "0:00:00"]
[Board "183"]

1. d4 d5 2. Nf3 Nf6 3. c4 c6 4. Nc3 dxc4 5. a4 e6 6. e3 c5 7. Bxc4 cxd4 8. Nxd4 a6 9. O-O Bd7 10. Qf3 Nc6 11. Rd1 Nxd4 12. Rxd4 Bc5 13. Rd1 Qc7 14. b3 Bc6 15. Qh3 O-O 16. Bb2 Rfd8 17. Rac1 Rxd1+ 18. Rxd1 Rd8 19. Rc1 Qe5 20. Qg3 Qxg3 21. hxg3 Rd2 22. Ba1 Ng4 23. Nd1 Ra2 24. b4 Rxa1 25. Rxa1 Bxb4 26. Bb3 Ne5 27. Nb2 Bc3 28. Rd1 Kf8 29. Nc4 Nxc4 30. Bxc4 Bxa4 31. Rd8+ Ke7 32. Rc8 Bc6 33. Bxa6 Kd7 34. Bxb7 Bxb7 35. Rxc3 Bd5 36. f3 h5 37. e4 Bc6 38. Kf2 g6 39. Ke3 Kd6 40. f4 Bd7 41. Kd4 Bc6 42. Ra3 Bd7 43. Ra6+ Ke7 44. Kc5 Bc8 45. Ra7+ Kf6 46. Kd4 1-0


[Site "https://www.chess.com"]

[Event "Titled Tuesday Blitz July 4 Late 2023"]
[White "Govender, Kaedan"]
[Black "Principe, Gerson"]
[WhiteFideId "14322072"]
[BlackFideId "3804550"]
[WhiteElo "2051"]
[BlackElo "2519"]
[Result "0-1"]
[Round "1"]
[TimeControl "180+2"]
[Date "2023.07.04"]
[WhiteClock "0:00:03"]
[BlackClock "0:00:27"]
[Board "184"]

1. d4 Nf6 2. c4 e6 3. Nf3 b6 4. g3 Bb7 5. Bg2 Be7 6. O-O O-O 7. b3 a5 8. Bb2 a4 9. Nbd2 a3 10. Bc3 d5 11. cxd5 Nxd5 12. Rc1 Nxc3 13. Rxc3 Nd7 14. Qb1 Nf6 15. Rfc1 c5 16. e3 Nd5 17. R3c2 Nb4 18. Rc3 g6 19. Ne5 Bxg2 20. Kxg2 cxd4 21. exd4 Qxd4 22. Ndf3 Qd8 23. Qe4 Nd5 24. Rd3 Rc8 25. Nc6 Rxc6 26. Rxc6 Bc5 27. Rxd5 exd5 28. Qf4 Qd7 29. Qh6 Qg4 30. Ne5 Qh5 31. Qf4 Qf5 32. Qxf5 gxf5 33. Nd7 Rd8 34. Nxc5 bxc5 35. Rxc5 d4 36. Rxf5 d3 37. Rd5 Rxd5 0-1


[Site "https://www.chess.com"]

[Event "Titled Tuesday Blitz July 4 Late 2023"]
[White "Kirillov, Dmitry"]
[Black "Phillips, Rene"]
[WhiteFideId "34180572"]
[BlackFideId "2056275"]
[WhiteElo "2519"]
[BlackElo "2027"]
[Result "1-0"]
[Round "1"]
[TimeControl "180+2"]
[Date "2023.07.04"]
[WhiteClock "0:00:42"]
[BlackClock "0:00:25"]
[Board "185"]

1. d4 Nc6 2. d5 Ne5 3. e4 e6 4. Nc3 Bb4 5. Qd4 Bxc3+ 6. Qxc3 Ng6 7. Qxg7 e5 8. Nf3 Qe7 9. Bg5 Qb4+ 10. Nd2 Qb6 11. Bd3 h6 12. Be3 Qxb2 13. O-O Qa3 14. Nc4 Qe7 15. Rae1 d6 16. f4 exf4 17. Bxf4 f6 18. Qxg6+ 1-0


[Site "https://www.chess.com"]

[Event "Titled Tuesday Blitz July 4 Late 2023"]
[White "ilya2700"]
[Black "Poeta, Caio Medeiros"]
[BlackFideId "2142660"]
[WhiteElo "2025"]
[BlackElo "2519"]
[Result "0-1"]
[Round "1"]
[TimeControl "180+2"]
[Date "2023.07.04"]
[WhiteClock "0:00:26"]
[BlackClock "0:02:23"]
[Board "186"]

1. e4 c6 2. d4 d5 3. exd5 cxd5 4. Bd3 Nf6 5. c3 Nc6 6. Nf3 g6 7. Bf4 Bg7 8. Nbd2 O-O 9. O-O Nh5 10. Bg3 Nxg3 11. hxg3 f6 12. Re1 e5 13. dxe5 fxe5 14. Bc2 e4 15. Nh2 Qb6 16. Nb3 Qxf2+ 17. Kh1 Be6 18. g4 Be5 19. Re2 Qh4 20. Qg1 Bxg4 21. Rd2 Rf5 0-1


[Site "https://www.chess.com"]

[Event "Titled Tuesday Blitz July 4 Late 2023"]
[White "Arencibia Monduy, Antonio"]
[Black "Panuganti, Kireet"]
[WhiteFideId "3507939"]
[BlackFideId "30903297"]
[WhiteElo "2519"]
[BlackElo "2023"]
[Result "1-0"]
[Round "1"]
[TimeControl "180+2"]
[Date "2023.07.04"]
[WhiteClock "0:00:25"]
[BlackClock "0:00:00"]
[Board "187"]

1. e4 c5 2. Nf3 d6 3. c3 Nf6 4. Bd3 g6 5. h3 Bg7 6. O-O O-O 7. Bc2 Nc6 8. Re1 Rb8 9. d4 b5 10. dxc5 dxc5 11. Qe2 Nd7 12. Bf4 Nde5 13. Nbd2 Qb6 14. Rad1 Ba6 15. Nxe5 Bxe5 16. Bxe5 Nxe5 17. f4 b4 18. c4 Nc6 19. Nf3 Rfd8 20. e5 Nd4 21. Nxd4 Rxd4 22. Rxd4 cxd4 23. Bd3 Bb7 24. b3 a5 25. Kh2 a4 26. Rd1 axb3 27. axb3 Ra8 28. Be4 Ra3 29. Rd3 Qa7 30. Qf3 Bc8 31. Qf2 Qb6 32. Qxd4 Qxd4 33. Rxd4 Bf5 34. Bxf5 gxf5 35. Rd3 Kf8 36. Kg3 e6 37. Kf3 Ke7 38. Ke3 f6 39. exf6+ Kxf6 40. Kd4 1-0


[Site "https://www.chess.com"]

[Event "Titled Tuesday Blitz July 4 Late 2023"]
[White "Porat, Tori"]
[Black "Sanchez Enriquez, Oscar Gerardo"]
[WhiteFideId "30982626"]
[BlackFideId "5106311"]
[WhiteElo "2000"]
[BlackElo "2517"]
[Result "0-1"]
[Round "1"]
[TimeControl "180+2"]
[Date "2023.07.04"]
[WhiteClock "0:00:04"]
[BlackClock "0:01:33"]
[Board "188"]

1. d4 e6 2. c4 b6 3. Nc3 Bb4 4. Nf3 Bb7 5. Bg5 Nf6 6. e3 h6 7. Bh4 g5 8. Bg3 Ne4 9. Qc2 d6 10. Bd3 Bxc3+ 11. bxc3 f5 12. Rd1 Nd7 13. Nd2 Nxd2 14. Rxd2 Bxg2 15. Rg1 Bf3 16. d5 Nc5 17. dxe6 Be4 18. Bxe4 fxe4 19. Be5 O-O 20. Bd4 Nd3+ 21. Kd1 Qe7 22. h4 Qxe6 23. hxg5 h5 24. Rxd3 exd3 25. Qxd3 Qf5 26. Qf1 Qb1+ 27. Ke2 Qc2+ 28. Ke1 c5 29. Qh3 Qxf2+ 30. Kd1 cxd4 31. Qe6+ Qf7 32. Qh6 Qf3+ 33. Kc2 Qf5+ 34. Kb3 Rf7 35. g6 Rg7 36. Rg5 Qb1+ 37. Ka3 Qc1+ 38. Kb3 Qxc3+ 39. Ka4 Qxc4+ 40. Ka3 Qc3+ 41. Ka4 b5+ 42. Kxb5 Rb8+ 43. Ka6 Qc6+ 44. Ka5 Qb6+ 45. Ka4 Qb4# 0-1


[Site "https://www.chess.com"]

[Event "Titled Tuesday Blitz July 4 Late 2023"]
[White "Novik, Maxim"]
[Black "Lutz, Igor Oscar"]
[WhiteFideId "4102924"]
[BlackFideId "2110806"]
[WhiteElo "2516"]
[BlackElo "1976"]
[Result "1-0"]
[Round "1"]
[TimeControl "180+2"]
[Date "2023.07.04"]
[WhiteClock "0:00:18"]
[BlackClock "0:00:02"]
[Board "189"]

1. d4 d5 2. c4 c6 3. Nc3 e6 4. e3 Nf6 5. Nf3 Bd6 6. Qc2 O-O 7. Bd2 dxc4 8. Bxc4 b5 9. Bd3 Bb7 10. Ne4 Nxe4 11. Bxe4 h6 12. O-O Nd7 13. Ne1 Qc7 14. h3 c5 15. dxc5 Nxc5 16. Bxb7 Nxb7 17. Qxc7 Bxc7 18. Rc1 Rac8 19. Nd3 Rfd8 20. Rc3 Ba5 21. Rxc8 Rxc8 22. Bxa5 Nxa5 23. Rc1 Rxc1+ 24. Nxc1 Nc4 25. b3 Nd2 26. f3 Kf8 27. Kf2 Nb1 28. Ke2 Nc3+ 29. Kd3 Nd5 30. Kd4 Ke7 31. e4 Nc7 32. Kc5 Kd7 33. Nd3 f6 34. Nf4 a6 35. h4 g5 36. Nh5 f5 37. hxg5 hxg5 38. Ng3 f4 39. Nh5 a5 40. Nf6+ Ke7 41. Nh7 a4 42. b4 Kf7 43. Nxg5+ Kg6 44. Nh3 e5 45. Kd6 Na6 46. Kxe5 Nxb4 47. Nxf4+ Kf7 48. Kd6 Nc2 49. e5 b4 50. e6+ Ke8 51. Nd5 b3 52. Nc7+ 1-0


[Site "https://www.chess.com"]

[Event "Titled Tuesday Blitz July 4 Late 2023"]
[White "Sainz Aguirre, Ignacio"]
[Black "Womacka, Mathias"]
[WhiteFideId "5101727"]
[BlackFideId "4611390"]
[WhiteElo "1947"]
[BlackElo "2514"]
[Result "0-1"]
[Round "1"]
[TimeControl "180+2"]
[Date "2023.07.04"]
[WhiteClock "0:00:00"]
[BlackClock "0:00:28"]
[Board "190"]

1. e4 c5 2. Nf3 d6 3. Bb5+ Nd7 4. c3 Nf6 5. Bd3 Qc7 6. O-O g6 7. Bc2 c4 8. Re1 Bg7 9. b3 O-O 10. bxc4 Qxc4 11. d4 b6 12. Bb3 Qc7 13. e5 dxe5 14. dxe5 Ng4 15. e6 Nde5 16. exf7+ Nxf7 17. h3 Nf6 18. Ba3 Re8 19. Ng5 e6 20. Nxf7 Qxf7 21. Nd2 Bb7 22. Nf3 Nd5 23. Bb2 Nxc3 24. Qd2 Bxf3 25. Bxc3 Bxc3 26. Qxc3 Bd5 27. Bxd5 exd5 28. Rxe8+ Rxe8 29. Re1 Rxe1+ 30. Qxe1 d4 31. Qd2 Qd5 0-1


[Site "https://www.chess.com"]

[Event "Titled Tuesday Blitz July 4 Late 2023"]
[White "Hnydiuk, Aleksander"]
[Black "Burke, Paul"]
[WhiteFideId "1109057"]
[BlackFideId "2605767"]
[WhiteElo "2513"]
[BlackElo "1930"]
[Result "1-0"]
[Round "1"]
[TimeControl "180+2"]
[Date "2023.07.04"]
[WhiteClock "0:01:25"]
[BlackClock "0:01:46"]
[Board "191"]

1. d4 a6 2. e4 d6 3. Nf3 g6 4. Nc3 h6 5. Be3 Nd7 6. Qd2 Bg7 7. O-O-O e5 8. h4 Ne7 9. h5 g5 10. dxe5 dxe5 11. Bc4 O-O 12. Nxg5 hxg5 13. h6 Bf6 14. Bxg5 Nc6 15. Rh5 Nb6 16. Qe3 Qe7 17. Bb3 Bg4 18. Bxf6 Qxf6 19. Rg5+ 1-0


[Site "https://www.chess.com"]

[Event "Titled Tuesday Blitz July 4 Late 2023"]
[White "Vargas, Mauricio"]
[Black "Mazarini41"]
[WhiteFideId "4404572"]
[WhiteElo "1881"]
[BlackElo "2512"]
[Result "0-1"]
[Round "1"]
[TimeControl "180+2"]
[Date "2023.07.04"]
[WhiteClock "0:00:00"]
[BlackClock "0:00:30"]
[Board "192"]

1. e4 e6 2. f4 d5 3. e5 c5 4. Nf3 Nc6 5. Bb5 h5 6. Bxc6+ bxc6 7. O-O Nh6 8. d3 Nf5 9. Nc3 h4 10. h3 Qb6 11. Na4 Qa5 12. b3 Be7 13. c4 O-O 14. Qe1 Qc7 15. Ba3 Rd8 16. Kh2 f6 17. Bxc5 dxc4 18. dxc4 Bxc5 19. Nxc5 Qe7 20. Ne4 c5 21. Rd1 Bb7 22. Nc3 Rxd1 23. Qxd1 Ne3 24. Qe1 Nxf1+ 25. Qxf1 Bxf3 26. Qxf3 Rf8 27. Qe3 fxe5 28. fxe5 Qf7 29. Ne4 Qf4+ 30. Qxf4 Rxf4 31. Nxc5 Rf2 32. a4 Kf7 33. Ne4 Re2 34. Ng5+ Ke7 35. Nf3 Rb2 36. Nd4 Kd7 37. Kg1 Rd2 38. Nf3 Rd3 39. b4 Rc3 40. c5 Rc4 41. b5 Rxc5 42. Nd4 Rc4 43. Nc6 Rxa4 44. Kf2 Ra2+ 0-1


[Site "https://www.chess.com"]

[Event "Titled Tuesday Blitz July 4 Late 2023"]
[White "Pinheiro, Iung Alicio de O."]
[Black "Carlsen, Magnus"]
[WhiteFideId "2104350"]
[BlackFideId "1503014"]
[WhiteElo "2602"]
[BlackElo "3252"]
[Result "0-1"]
[Round "2"]
[TimeControl "180+2"]
[Date "2023.07.04"]
[WhiteClock "0:00:04"]
[BlackClock "0:01:58"]
[Board "1"]

1. e4 a6 2. d4 c6 3. h3 d5 4. Nc3 h6 5. Nf3 dxe4 6. Nxe4 Bf5 7. Bd3 Nd7 8. Qe2 e6 9. Bf4 Ngf6 10. Nd6+ Bxd6 11. Bxd6 Qa5+ 12. c3 Bxd3 13. Qxd3 Qd5 14. Ba3 e5 15. Qe2 O-O-O 16. dxe5 Rhe8 17. Rd1 Nxe5 18. Nxe5 Qxd1+ 19. Qxd1 Rxe5+ 20. Qe2 Rde8 21. Qxe5 Rxe5+ 22. Kd1 Kd7 23. Re1 Rxe1+ 24. Kxe1 Ke6 25. Ke2 h5 26. g3 g5 27. f3 g4 28. hxg4 hxg4 29. fxg4 Nxg4 30. Kf3 Ne5+ 31. Ke4 Nc4 32. g4 b5 33. Kf4 a5 34. Ke4 Kf6 35. Kf4 Kg6 36. Bc5 Nxb2 37. Ke5 Nd3+ 38. Kd6 Nxc5 39. Kxc5 Kg5 40. Kxc6 Kxg4 41. Kxb5 f5 42. c4 f4 43. c5 f3 44. c6 f2 45. c7 f1=Q+ 46. Kxa5 Qf8 47. Kb6 Qc8 48. a4 Kf5 49. a5 Ke6 50. Kc6 Qa6+ 51. Kc5 Qxa5+ 52. Kc6 Qa6+ 53. Kc5 Kd7 0-1


[Site "https://www.chess.com"]

[Event "Titled Tuesday Blitz July 4 Late 2023"]
[White "HamedWafa4"]
[Black "Erigaisi Arjun"]
[BlackFideId "35009192"]
[WhiteElo "2599"]
[BlackElo "3150"]
[Result "0-1"]
[Round "2"]
[TimeControl "180+2"]
[Date "2023.07.04"]
[WhiteClock "0:00:09"]
[BlackClock "0:01:01"]
[Board "2"]

1. e4 d6 2. d4 g6 3. Nc3 Bg7 4. Be3 a6 5. h4 Nf6 6. f3 Nbd7 7. Qd2 b5 8. Bh6 Bxh6 9. Qxh6 b4 10. Nce2 c6 11. O-O-O Qa5 12. Kb1 Nb6 13. Nc1 Be6 14. Nb3 Bxb3 15. axb3 O-O-O 16. Qd2 c5 17. d5 Kb7 18. Nh3 Rc8 19. Bc4 Nfd7 20. Ng5 Ne5 21. Qe2 h6 22. Nh3 Ka7 23. f4 Nexc4 24. bxc4 Na4 25. Qd3 Nc3+ 26. Kc1 Nxd1 27. Rxd1 Qa1+ 28. Kd2 Qxb2 29. Nf2 g5 30. e5 gxf4 31. exd6 exd6 32. Ne4 Rcd8 33. Rf1 Qe5 34. Nf2 Rhg8 35. Rg1 Rg3 0-1


[Site "https://www.chess.com"]

[Event "Titled Tuesday Blitz July 4 Late 2023"]
[White "Naroditsky, Daniel"]
[Black "Sargsyan, Anna M."]
[WhiteFideId "2026961"]
[BlackFideId "13308130"]
[WhiteElo "3145"]
[BlackElo "2598"]
[Result "1-0"]
[Round "2"]
[TimeControl "180+2"]
[Date "2023.07.04"]
[WhiteClock "0:00:04"]
[BlackClock "0:00:00"]
[Board "3"]

1. d4 d5 2. Nc3 Nf6 3. Bf4 e6 4. e3 Bd6 5. Nf3 O-O 6. Bd3 b6 7. O-O Ba6 8. Ne5 Bxd3 9. cxd3 c5 10. Rc1 cxd4 11. exd4 a6 12. Qa4 Bxe5 13. Bxe5 Nbd7 14. Bd6 Re8 15. Ne2 b5 16. Qb4 Nf8 17. Rc6 Ng6 18. Rfc1 Nh4 19. Ng3 Ng4 20. h3 Nh6 21. Qd2 Qf6 22. Be5 Qg6 23. Qf4 N6f5 24. Qg4 f6 25. Bf4 Qxg4 26. hxg4 Nxd4 27. Rc7 e5 28. Be3 Ne6 29. R7c6 d4 30. Bd2 Ng6 31. Nf5 Ngf4 32. Bxf4 Nxf4 33. Rd1 g6 34. Ng3 Re6 35. Rc7 Nd5 36. Rd7 Nb6 37. Rb7 Rc8 38. Ne4 Nd5 39. g3 Rec6 40. Kg2 R8c7 41. Rb8+ Kg7 42. Rd8 Ne7 43. Nd6 Ra7 44. Rh1 1-0


[Site "https://www.chess.com"]

[Event "Titled Tuesday Blitz July 4 Late 2023"]
[White "Ezat, Mohamed"]
[Black "Nihal Sarin"]
[WhiteFideId "10600906"]
[BlackFideId "25092340"]
[WhiteElo "2591"]
[BlackElo "3127"]
[Result "0-1"]
[Round "2"]
[TimeControl "180+2"]
[Date "2023.07.04"]
[WhiteClock "0:00:00"]
[BlackClock "0:00:33"]
[Board "4"]

1. d4 Nf6 2. c4 e6 3. Nc3 Bb4 4. e3 O-O 5. a3 Bxc3+ 6. bxc3 c6 7. Bd3 d5 8. Ne2 b6 9. O-O Ba6 10. cxd5 Bxd3 11. Qxd3 cxd5 12. f3 Nc6 13. e4 h6 14. e5 Nd7 15. f4 f5 16. a4 Rc8 17. Ba3 Rf7 18. g4 Qh4 19. gxf5 Rxf5 20. Ng3 Rxf4 21. Rxf4 Qxf4 22. Rf1 Qg4 23. Qa6 Rc7 24. Bd6 Ncb8 25. Qd3 Rc4 26. Qd2 Nc6 27. Qf2 Qg6 28. Qf3 Rxa4 29. h4 h5 30. Kh1 Nxd4 31. cxd4 Rxd4 32. Be7 Nxe5 33. Qe3 Rd3 34. Qxe5 Rxg3 35. Kh2 Rg2+ 36. Kh1 Rg3 37. Kh2 Rg2+ 38. Kh1 Qg4 39. Qc3 Re2 40. Rf8+ Kh7 41. Qd3+ Re4 42. Qf1 b5 43. Bg5 Qg3 0-1


[Site "https://www.chess.com"]

[Event "Titled Tuesday Blitz July 4 Late 2023"]
[White "Firouzja, Alireza"]
[Black "Ballester Llagaria, Luis Eduardo"]
[WhiteFideId "12573981"]
[BlackFideId "2297620"]
[WhiteElo "3104"]
[BlackElo "2589"]
[Result "1-0"]
[Round "2"]
[TimeControl "180+2"]
[Date "2023.07.04"]
[WhiteClock "0:02:13"]
[BlackClock "0:00:24"]
[Board "5"]

1. d4 d5 2. Bg5 h6 3. Bh4 c6 4. e3 Qb6 5. b3 e5 6. Nf3 exd4 7. exd4 Bb4+ 8. c3 Bd6 9. Bd3 Ne7 10. Qe2 Be6 11. O-O O-O 12. Qc2 c5 13. Re1 Nbc6 14. dxc5 Bxc5 15. Nbd2 Rfe8 16. b4 Bd6 17. Nb3 Rac8 18. Qd2 Nf5 19. Bxf5 Bxf5 20. Qxd5 Nxb4 21. Qxf5 1-0


[Site "https://www.chess.com"]

[Event "Titled Tuesday Blitz July 4 Late 2023"]
[White "Zavgorodniy, Sergiy"]
[Black "Caruana, Fabiano"]
[WhiteFideId "14110148"]
[BlackFideId "2020009"]
[WhiteElo "2588"]
[BlackElo "3097"]
[Result "0-1"]
[Round "2"]
[TimeControl "180+2"]
[Date "2023.07.04"]
[WhiteClock "0:00:00"]
[BlackClock "0:00:02"]
[Board "6"]

1. d4 Nf6 2. c4 Nc6 3. Nf3 e6 4. g3 Bb4+ 5. Nbd2 O-O 6. Bg2 d5 7. O-O Ne4 8. e3 f5 9. a3 Bxd2 10. Nxd2 b6 11. Qa4 Bb7 12. cxd5 exd5 13. b4 Ne7 14. Nf3 Nc8 15. Ne5 Ncd6 16. Bb2 b5 17. Qc2 Nc4 18. Rfe1 c6 19. f3 Ned6 20. Bc3 Nxe5 21. dxe5 Nc4 22. Kh1 Qe8 23. f4 Qe6 24. a4 Ba6 25. a5 Bc8 26. Bd4 a6 27. Bc5 Rf7 28. Bf3 Qh6 29. Rg1 Be6 30. Rg2 Kh8 31. Rag1 Rg8 32. Bd4 Qh3 33. Qd1 h6 34. Qe2 Kh7 35. g4 fxg4 36. Bxg4 Bxg4 37. Rxg4 g5 38. R1g3 Qh5 39. Qg2 Qg6 40. h3 Rf5 41. Kh2 Qe6 42. h4 Qf7 43. hxg5 h5 44. Rh4 Kg6 45. Rgh3 Rh8 46. Qf3 Nd2 47. Qe2 Ne4 48. Rxh5 Rxf4 49. Rh6+ Kf5 0-1


[Site "https://www.chess.com"]

[Event "Titled Tuesday Blitz July 4 Late 2023"]
[White "Mamedov, Rauf"]
[Black "Jaskolka, Tomasz"]
[WhiteFideId "13401653"]
[BlackFideId "1170791"]
[WhiteElo "3047"]
[BlackElo "2586"]
[Result "1-0"]
[Round "2"]
[TimeControl "180+2"]
[Date "2023.07.04"]
[WhiteClock "0:01:12"]
[BlackClock "0:00:03"]
[Board "7"]

1. e4 d5 2. exd5 Nf6 3. d4 Bg4 4. Be2 Bxe2 5. Qxe2 Qxd5 6. Nf3 e6 7. c4 Qd7 8. O-O Be7 9. Nc3 O-O 10. Bf4 c6 11. Rad1 Bd6 12. Ne5 Qe7 13. Bg5 h6 14. Bh4 Qd8 15. Rd3 Be7 16. Rfd1 Nbd7 17. Rg3 Ne4 18. Bxe7 Nxg3 19. hxg3 Qxe7 20. Nf3 Rad8 21. Re1 Rfe8 22. Qc2 Nf6 23. a3 Qc7 24. b4 b5 25. Qb3 bxc4 26. Qxc4 Nd5 27. Ne4 a5 28. Ne5 axb4 29. axb4 Rc8 30. Qc5 Re7 31. Rc1 f6 32. Nxc6 Rd7 33. b5 Kf7 34. Qc2 Ra8 35. Qe2 Qb6 36. Nc5 Rd6 37. Nxe6 Rxe6 38. Qh5+ Kg8 39. Qxd5 Re8 40. Re1 Kf7 41. Rxe6 Rxe6 42. Nd8+ Ke7 43. Nxe6 Qxe6 44. Qxe6+ Kxe6 45. b6 Kd5 46. b7 1-0


[Site "https://www.chess.com"]

[Event "Titled Tuesday Blitz July 4 Late 2023"]
[White "Ovchinnikov, Vsevolod"]
[Black "Lazavik, Denis"]
[WhiteFideId "24176842"]
[BlackFideId "13515110"]
[WhiteElo "2582"]
[BlackElo "3044"]
[Result "0-1"]
[Round "2"]
[TimeControl "180+2"]
[Date "2023.07.04"]
[WhiteClock "0:00:08"]
[BlackClock "0:01:39"]
[Board "8"]

1. Nf3 d5 2. c4 c6 3. b3 Nf6 4. Bb2 Bf5 5. g3 e6 6. Bg2 Be7 7. O-O O-O 8. d3 h6 9. Nbd2 Nbd7 10. a3 a5 11. Qc2 Bh7 12. Bc3 c5 13. cxd5 exd5 14. e4 dxe4 15. dxe4 Re8 16. Rfe1 Bf8 17. Re2 b5 18. Rae1 a4 19. Bb2 Qb6 20. bxa4 Rxa4 21. h3 c4 22. Qc3 Nc5 23. e5 Nd5 24. Qd4 Rd8 25. Qg4 c3 26. Bxc3 Rxg4 0-1


[Site "https://www.chess.com"]

[Event "Titled Tuesday Blitz July 4 Late 2023"]
[White "Bortnyk, Olexandr"]
[Black "Czerw, Dawid"]
[WhiteFideId "14120828"]
[BlackFideId "1145746"]
[WhiteElo "3027"]
[BlackElo "2579"]
[Result "1-0"]
[Round "2"]
[TimeControl "180+2"]
[Date "2023.07.04"]
[WhiteClock "0:01:14"]
[BlackClock "0:00:03"]
[Board "9"]

1. e4 c5 2. Be2 Nc6 3. d3 g6 4. f4 Bg7 5. Nf3 e6 6. c3 Nge7 7. Be3 d6 8. O-O O-O 9. a4 b6 10. Nbd2 f5 11. Qe1 h6 12. Qg3 Kh7 13. Rad1 Ng8 14. Nh4 Qe8 15. Nc4 Nge7 16. Nxd6 Qd7 17. e5 Rg8 18. d4 cxd4 19. Bxd4 Bf8 20. Bc4 Nxd4 21. Rxd4 Nc6 22. Ne4 fxe4 23. Rxd7+ Bxd7 24. Rd1 Rd8 25. Qg4 Bc5+ 26. Kh1 a5 27. Rxd7+ Rxd7 28. Bxe6 Rdg7 29. Bxg8+ Rxg8 30. Qd7+ Ne7 31. f5 gxf5 32. Nxf5 Rf8 33. g4 Rf7 34. Qe6 Nxf5 35. Qxf7+ Ng7 36. e6 e3 37. e7 1-0


[Site "https://www.chess.com"]

[Event "Titled Tuesday Blitz July 4 Late 2023"]
[White "Sowa, Ryan"]
[Black "Bluebaum, Matthias"]
[WhiteFideId "30901693"]
[BlackFideId "24651516"]
[WhiteElo "2577"]
[BlackElo "3021"]
[Result "0-1"]
[Round "2"]
[TimeControl "180+2"]
[Date "2023.07.04"]
[WhiteClock "0:00:49"]
[BlackClock "0:01:37"]
[Board "10"]

1. Nf3 d5 2. b3 c5 3. Bb2 Nc6 4. e3 a6 5. d4 cxd4 6. Nxd4 Nf6 7. Be2 e6 8. O-O Bd6 9. Nd2 e5 10. Nxc6 bxc6 11. c4 O-O 12. cxd5 cxd5 13. Nf3 Qe7 14. Rc1 Bb7 15. Qd2 Ne4 16. Qc2 f5 17. Qb1 f4 18. exf4 Rxf4 19. Qa1 d4 20. Rfe1 Raf8 21. Qb1 Ng5 22. Nxg5 Qxg5 23. f3 Bxf3 24. Bxf3 Rxf3 25. Qe4 Rf2 26. Rf1 Rxb2 27. Qd5+ Kh8 28. Rxf8+ Bxf8 29. Rf1 Qe3+ 30. Kh1 0-1


[Site "https://www.chess.com"]

[Event "Titled Tuesday Blitz July 4 Late 2023"]
[White "Martinez Alcantara, Jose Eduardo"]
[Black "Petesch, Gabriel"]
[WhiteFideId "3805662"]
[BlackFideId "2032465"]
[WhiteElo "3017"]
[BlackElo "2573"]
[Result "1-0"]
[Round "2"]
[TimeControl "180+2"]
[Date "2023.07.04"]
[WhiteClock "0:01:27"]
[BlackClock "0:00:02"]
[Board "11"]

1. e4 d6 2. d4 e5 3. c3 Nf6 4. Bd3 Be7 5. Nf3 Nc6 6. O-O O-O 7. h3 Re8 8. Re1 Bf8 9. Nbd2 g6 10. Nf1 Bg7 11. Ng3 Bd7 12. Be3 a6 13. Qd2 Qe7 14. Rad1 Rad8 15. Bg5 Bc8 16. Qc1 Bd7 17. a3 a5 18. d5 Nb8 19. b4 axb4 20. axb4 Ba4 21. Bc2 Bxc2 22. Qxc2 Nbd7 23. c4 Ra8 24. Be3 b6 25. Ra1 Qf8 26. Qb2 Rxa1 27. Rxa1 Ra8 28. Ra3 Rxa3 29. Qxa3 Qb8 30. Qa4 Bf8 31. Nd2 Qd8 32. Ne2 Nh5 33. Qa7 f5 34. f3 Ndf6 35. c5 bxc5 36. bxc5 Nd7 37. c6 Nc5 38. Bxc5 dxc5 39. Nc4 fxe4 40. fxe4 Nf6 41. Nc3 Bg7 42. d6 Ne8 43. d7 Nf6 44. Nxe5 Nxe4 45. Qa2+ 1-0


[Site "https://www.chess.com"]

[Event "Titled Tuesday Blitz July 4 Late 2023"]
[White "Dinosaurio_1975"]
[Black "Korobov, Anton"]
[BlackFideId "14105730"]
[WhiteElo "2566"]
[BlackElo "3011"]
[Result "0-1"]
[Round "2"]
[TimeControl "180+2"]
[Date "2023.07.04"]
[WhiteClock "0:00:00"]
[BlackClock "0:01:24"]
[Board "12"]

1. e4 c5 2. Nf3 d6 3. Bb5+ Nd7 4. c3 Nf6 5. Bd3 g5 6. h3 Rg8 7. O-O h5 8. Bc2 g4 9. hxg4 hxg4 10. Nh2 g3 11. fxg3 c4 12. d4 cxd3 13. Bxd3 Rxg3 14. Bf4 Rg8 15. Qe2 a6 16. Nd2 Ne5 17. Bxe5 dxe5 18. Nc4 Qc7 19. Qe3 Ng4 20. Nxg4 Bxg4 21. Qb6 Qxb6+ 22. Nxb6 Rd8 23. Bc4 e6 24. b4 Bh6 25. Rae1 Bd2 26. a4 Bxc3 27. a5 Bxb4 28. Ra1 Rd2 29. Ra2 Rxa2 30. Bxa2 Bxa5 31. Nc4 Bc7 32. Rc1 Ke7 33. Bb3 b5 34. Nd2 Bb6+ 35. Kf1 Rd8 36. Ke1 Ba5 37. Rc2 Rxd2 38. Rxd2 Bc3 0-1


[Site "https://www.chess.com"]